 Dungeon Crawl Stone Soup version 0.26-a0-658-gbdda728c12 (webtiles) character file.

Game seed: 17471398345495887182

44 luopjiggy the Chopper (level 3, -4/31 HPs)
             Began as a Hill Orc Fighter on Oct 4, 2020.
             Slain by an ogre
             ... wielding a +0 giant club
              (13 damage)
             ... on level 2 of the Dungeon.
             The game lasted 00:01:58 (1235 turns).

luopjiggy the Chopper (Hill Orc Fighter)            Turns: 1235, Time: 00:01:59

Health: -4/31      AC: 13    Str: 18    XL:     3   Next: 60%
Magic:  3/3        EV:  3    Int:  8    God:
Gold:   71         SH:  9    Dex: 11    Spells: 2/2 levels left

rFire    . . .     SeeInvis .   a - +0 war axe
rCold    . . .     Faith    .   c - +0 kite shield
rNeg     . . .     Spirit   .   m - +0 plate armour
rPois    .         Reflect  .   n - +0 helmet
rElec    .         Harm     .   g - +0 cloak
rCorr    .         Rampage  .   (no gloves)
MR       .....                  (no boots)
Stlth    ..........             (no amulet)
HPRegen  0.10/turn              (no ring)
MPRegen  0.08/turn              (no ring)

@: no status effects
A: no striking features
a: no special abilities


You were on level 2 of the Dungeon.
You visited 1 branch of the dungeon, and saw 2 of its levels.

You collected 71 gold pieces.

Inventory:

Hand Weapons
 a - a +0 war axe (weapon)
Armour
 c - a +0 kite shield (worn)
 g - a +0 cloak (worn)
 m - a +0 plate armour (worn)
 n - a +0 helmet (worn)
Scrolls
 f - a scroll of remove curse
 h - a scroll of immolation {unknown}
Potions
 d - 2 potions of might
 e - 2 potions of haste
 i - a potion of lignification {unknown}
 j - a potion of brilliance {unknown}
 k - 4 potions of degeneration {unknown}
 l - a potion of curing {unknown}


   Skills:
 - Level 3.6 Fighting
 * Level 5.2 Axes
 - Level 3.2 Armour
 - Level 3.2 Shields


You had 2 spell levels left.
You didn't know any spells.
Your spell library was empty.

Dungeon Overview and Level Annotations

Branches:
Dungeon (2/15)

Altars:
Yredelemnul


Message History

You hit the ogre.
The ogre is moderately wounded.
The ogre barely misses you.
You slash the ogre!
The ogre is severely wounded.
The ogre barely misses you.
Your shield and plate armour prevent you from hitting the ogre.
The ogre is severely wounded.
The ogre hits you but does no damage.
You hit the ogre.
The ogre is almost dead.
The ogre hits you with a +0 giant club.
* * * LOW HITPOINT WARNING * * *
You barely miss the ogre.
The ogre is almost dead.
You block the ogre's attack.
Your shield and plate armour prevent you from hitting the ogre.
The ogre is almost dead.
The ogre hits you with a +0 giant club!
You die...

#######
#.......
#...#.#
...... #...#
#..#
#########..#
......O@...#
.########.##
######.##
###
#...#.(.#
#..
#.#.....#
#.#
.#...#...#
#.#
#.##.##..>#
#.#
#.##.###.##
#.#
#.##.###.#


You could see an ogre.

Vanquished Creatures
  A gnoll (D:1)
  A dart slug (D:2)
  A leopard gecko (D:1)
  A giant cockroach (D:1)
  4 goblins
  4 hobgoblins
  2 kobolds
  5 bats
  3 frilled lizards (D:1)
  11 rats
33 creatures vanquished.

Notes
Turn   | Place    | Note
-------+----------+-------------------------------------------
     0 | D:1      | luopjiggy the Hill Orc Fighter began the quest for the Orb.
     0 | D:1      | Reached XP level 1. HP: 19/19 MP: 1/1
    46 | D:1      | Reached skill level 3 in Axes
    92 | D:1      | Reached XP level 2. HP: 26/26 MP: 2/2
   161 | D:1      | Reached skill level 4 in Axes
   379 | D:1      | Reached XP level 3. HP: 31/31 MP: 3/3
   951 | D:2      | Reached skill level 5 in Axes
  1118 | D:2      | Found a basalt altar of Yredelemnul.
  1227 | D:2      | Noticed an ogre
  1235 | D:2      | Slain by an ogre

Illustrated notes

Levels and vault maps discovered:
D:1:      psy_arrival_whirlpool, layout_basic, serial_rivers,
          chequers_serial_rivers_micro_c, chequers_serial_rivers_large_a,
          chequers_serial_rivers_micro_d, chequers_serial_rivers_room_a,
          chequers_serial_rivers_small_3
D:2:      layout_loops_ring, nicolae_overflow_hidden_temple,
          overflow_temple_1_default, lemuel_doored_altar,
          chequers_temple_overflow_minitemple, vehumet_crystals

Skill      XL: |  1  2  3 |
---------------+----------+-----
Axes           | 3 4 5 |  5.2
Fighting       | |  3.6
Armour         | |  3.2
Shields        | |  3.2

Action                   || total
-------------------------++-------
Melee: War axe           ||    89
  Use: Scroll            ||     2
Armor: Scale mail        ||    30
       Plate armour      ||     1
Dodge: Dodged            ||    32
Block: Kite shield       ||    33

Table legend: (Time is in decaauts)
 A = Elapsed time spent in this place.
 B = Non-inter-level travel time spent in this place.
 C = Inter-level travel time spent in this place.
 D = Time resting spent in this place.
 E = Time spent auto-exploring this place.
 F = Levels seen in this place.
 G = Mean time per level.
                   A        B        C        D        E       F      G
               +--------+--------+--------+--------+--------+-----+--------+
         Total |   1282 |   1262 |     20 |      0 |   1030 |   2 |  641.0 |
       Dungeon |   1282 |   1262 |     20 |      0 |   1030 |   2 |  641.0 |
               +--------+--------+--------+--------+--------+-----+--------+

Top non-repeatable levels by time:
     D:1: 884 daAuts
     D:2: 398 daAuts
